General information
- name: BNet
- type: Ladder team game (AT/RT)
- host: Battle.net
- saver: 2020-who-presid
map: Deadlock
- players: 8
- length: 19:32
- speed: Fast
- version: 1.28 W3XP
- replay type: Public
» download(164 KB)
Players
team 1 (winner)

»
Spyro (
red | 54 APM | 1052 actions | 19:31)
4 Demon Hunter
2 Evasion
2 Mana Burn
3 Priestess of the Moon
2 Trueshot Aura
1 Scout
» actions
| Assign group hotkey | 26 | |
| Basic commands | 94 | |
| Build / train | 89 | |
| Enter build submenu | 29 | |
| Enter hero's abilities submenu | 8 | |
| Remove unit from queue | 1 | |
| Right click | 389 | |
| Select / deselect | 227 | |
| Select group hotkey | 122 | |
| Use ability | 67 | |
1052 total
» units
| Wisp | 37 | |
| Archer | 6 | |
| Huntress | 9 | |
| Hippogryph | 13 | |
| Chimaera | 4 | |
69 total
» upgrades
| Strength of the Wild | 3 | |
| Reinforced Hides | 2 | |
| Corrosive Breath | 1 | |
6 total
» buildings
| Moon Well | 8 | |
| Altar of Elders | 1 | |
| Ancient of War | 1 | |
| Tree of Ages | 1 | |
| Hunter's Hall | 1 | |
| Ancient Protector | 12 | |
| Tree of Life | 1 | |
| Ancient of Wind | 1 | |
| Tree of Eternity | 1 | |
| Chimaera Roost | 3 | |
30 total
» build order
00:18 Moon Well
00:20 Altar of Elders
00:34 Ancient of War
01:41 Moon Well
03:06 Tree of Ages
03:35 Hunter's Hall
03:38 Moon Well
05:14 Ancient Protector
06:06 Tree of Life
06:26 Ancient of Wind
07:03 Moon Well
09:56 Moon Well
11:01 Ancient Protector
11:09 Tree of Eternity
11:12 Ancient Protector
11:50 Ancient Protector
11:54 Ancient Protector
12:25 Ancient Protector
13:56 Chimaera Roost
13:58 Chimaera Roost
14:06 Chimaera Roost
15:40 Moon Well
15:51 Ancient Protector
15:55 Ancient Protector
15:56 Ancient Protector
16:01 Ancient Protector
17:03 Moon Well
17:50 Ancient Protector
17:53 Ancient Protector
18:55 Moon Well
» items
| Scroll of Town Portal | 1 | |
| Scroll of Regeneration | 1 | |
2 total
2020-who-presid (
orange | 74 APM | 1456 actions | 19:32)
5 Blood Mage
2 Banish
3 Flame Strike
» actions
| Assign group hotkey | 31 | |
| Basic commands | 16 | |
| Build / train | 97 | |
| Enter build submenu | 24 | |
| Enter hero's abilities submenu | 5 | |
| Right click | 601 | |
| Select / deselect | 235 | |
| Select group hotkey | 377 | |
| Use ability | 70 | |
1456 total
» units
| Peasant | 22 | |
| Footman | 4 | |
| Sorceress | 19 | |
45 total
» upgrades
| Masonry | 2 | |
| Lumber Harvesting | 1 | |
| Sorceress Training | 1 | |
4 total
» buildings
| Altar of Kings | 1 | |
| Barracks | 1 | |
| Farm | 8 | |
| Scout Tower | 13 | |
| Arcane Tower | 2 | |
| Arcane Vault | 1 | |
| Keep | 2 | |
| Lumber Mill | 1 | |
| Town Hall | 1 | |
| Guard Tower | 16 | |
| Arcane Sanctum | 2 | |
| Castle | 2 | |
50 total
» build order
00:07 Altar of Kings
00:21 Barracks
00:36 Farm
00:51 Farm
01:30 Scout Tower
01:37 Farm
01:59 Arcane Tower
02:24 Arcane Vault
03:36 Keep
03:36 Keep
03:39 Lumber Mill
04:37 Farm
05:19 Scout Tower
05:20 Scout Tower
05:28 Farm
06:47 Town Hall
06:51 Scout Tower
06:59 Guard Tower
07:04 Arcane Sanctum
07:14 Arcane Tower
08:34 Guard Tower
08:34 Guard Tower
09:26 Scout Tower
09:26 Scout Tower
09:46 Scout Tower
09:46 Scout Tower
09:55 Guard Tower
11:48 Scout Tower
11:48 Scout Tower
11:55 Scout Tower
12:23 Guard Tower
12:23 Guard Tower
12:25 Guard Tower
12:45 Guard Tower
13:18 Guard Tower
13:18 Guard Tower
13:35 Scout Tower
13:36 Scout Tower
14:09 Guard Tower
14:10 Guard Tower
14:33 Farm
15:15 Arcane Sanctum
15:52 Castle
15:52 Castle
16:39 Farm
17:38 Farm
» items
| Mechanical Critter | 1 | |
| Scroll of Regeneration | 3 | |
| Ivory Tower | 3 | |
| Potion of Mana | 3 | |
| Potion of Invisibility | 1 | |
| Staff of Teleportation | 1 | |
| Scroll of Town Portal | 2 | |
| Lesser Clarity Potion | 1 | |
15 total

»
darksideofhemp (
pink | 73 APM | 1434 actions | 19:31)
3 Tauren Chieftain
2 Shockwave
1 Endurance Aura
2 Shadow Hunter
1 Hex
1 Healing Wave
» actions
| Assign group hotkey | 6 | |
| Basic commands | 73 | |
| Build / train | 69 | |
| Enter build submenu | 15 | |
| Enter hero's abilities submenu | 5 | |
| Remove unit from queue | 4 | |
| Right click | 760 | |
| Select / deselect | 369 | |
| Select group hotkey | 46 | |
| Use ability | 87 | |
1434 total
» units
| Peon | 11 | |
| Troll Headhunter/Berserker | 10 | |
| Troll Batrider | 13 | |
34 total
» upgrades
| Armor | 2 | |
| Ranged Weapons | 3 | |
| Troll Regeneration | 1 | |
| Berserker Upgrade | 1 | |
| Reinforced Defenses | 1 | |
8 total
» buildings
| Orc Burrow | 5 | |
| Altar of Storms | 1 | |
| War Mill | 1 | |
| Barracks | 1 | |
| Watch Tower | 2 | |
| Stronghold | 1 | |
| Voodoo Lounge | 1 | |
| Fortress | 1 | |
| Beastiary | 2 | |
15 total
» build order
00:13 Orc Burrow
00:20 Altar of Storms
01:04 War Mill
01:31 Barracks
01:56 Orc Burrow
02:25 Watch Tower
03:34 Orc Burrow
04:43 Stronghold
05:18 Voodoo Lounge
06:59 Watch Tower
07:10 Fortress
10:19 Beastiary
10:27 Beastiary
11:02 Orc Burrow
11:42 Orc Burrow
» items
| Boots of Speed | 1 | |
| Dust of Appearance | 2 | |
| Lesser Clarity Potion | 3 | |
| Healing Salve | 2 | |
| Scroll of Speed | 2 | |
| Scroll of Town Portal | 2 | |
| Orb of Lightning | 1 | |
13 total
Ca$hnelo (
purple | 128 APM | 2507 actions | 19:31)
4 Pandaren Brewmaster
2 Breath of Fire
2 Drunken Haze
2 Goblin Tinker
1 Pocket Factory
1 Engineering Upgrade
2 Naga Sea Witch
1 Forked Lightning
1 Frost Arrows
» actions
| Assign group hotkey | 107 | |
| Basic commands | 112 | |
| Build / train | 100 | |
| ESC pressed | 4 | |
| Enter build submenu | 33 | |
| Enter hero's abilities submenu | 9 | |
| Give item / drop item | 4 | |
| Right click | 868 | |
| Select / deselect | 317 | |
| Select group hotkey | 808 | |
| Use ability | 144 | |
2507 total
» units
| Peasant | 22 | |
| Footman | 10 | |
| Dragonhawk Rider | 8 | |
| Knight | 6 | |
46 total
» upgrades
| Defend | 1 | |
| Lumber Harvesting | 2 | |
| Masonry | 1 | |
| Plating | 2 | |
| Swords | 3 | |
| Animal War Training | 1 | |
| Armor | 2 | |
| Cloud | 1 | |
13 total
» buildings
| Barracks | 1 | |
| Farm | 11 | |
| Altar of Kings | 1 | |
| Scout Tower | 8 | |
| Arcane Tower | 2 | |
| Arcane Vault | 2 | |
| Town Hall | 2 | |
| Keep | 1 | |
| Lumber Mill | 1 | |
| Blacksmith | 1 | |
| Guard Tower | 3 | |
| Castle | 1 | |
| Gryphon Aviary | 2 | |
36 total
» build order
00:12 Barracks
00:13 Farm
00:37 Altar of Kings
01:25 Farm
01:36 Scout Tower
01:50 Farm
02:36 Arcane Tower
02:51 Arcane Vault
03:08 Farm
03:52 Town Hall
03:55 Scout Tower
04:27 Arcane Tower
04:31 Scout Tower
05:24 Keep
05:50 Lumber Mill
06:59 Blacksmith
07:01 Farm
07:03 Farm
07:03 Farm
07:06 Scout Tower
07:08 Guard Tower
07:11 Farm
07:12 Farm
07:14 Scout Tower
07:15 Arcane Vault
08:53 Castle
08:56 Guard Tower
10:16 Gryphon Aviary
10:22 Gryphon Aviary
11:32 Farm
12:09 Town Hall
12:52 Scout Tower
12:54 Scout Tower
12:55 Scout Tower
13:29 Guard Tower
16:58 Farm
» items
| Scroll of Regeneration | 3 | |
| Lesser Clarity Potion | 6 | |
| Scroll of Town Portal | 4 | |
| Scroll of Healing | 1 | |
| Potion of Lesser Invulnerability | 1 | |
| Potion of Healing | 2 | |
| Staff of Sanctuary | 2 | |
19 total
team 2 (loser)
ChronicJoke (
green | 77 APM | 1496 actions | 19:23)
5 Death Knight
3 Death Coil
2 Unholy Aura
2 Lich
1 Frost Nova
1 Frost Armor
3 Pit Lord
2 Howl of Terror
1 Rain of Fire
» actions
| Assign group hotkey | 23 | |
| Basic commands | 130 | |
| Build / train | 125 | |
| ESC pressed | 4 | |
| Enter build submenu | 17 | |
| Enter hero's abilities submenu | 10 | |
| Give item / drop item | 1 | |
| Right click | 615 | |
| Select / deselect | 211 | |
| Select group hotkey | 265 | |
| Use ability | 95 | |
1496 total
» units
| Acolyte | 31 | |
| Ghoul | 6 | |
| Crypt Fiend | 13 | |
| Obsidian Statue | 2 | |
| Frost Wyrm | 3 | |
55 total
» upgrades
| Creature Attack | 2 | |
| Creature Carapace | 2 | |
| Web | 1 | |
| Freezing Breath | 1 | |
6 total
» buildings
| Graveyard | 1 | |
| Crypt | 1 | |
| Ziggurat | 8 | |
| Altar of Darkness | 1 | |
| Tomb of Relics | 1 | |
| Nerubian Tower | 7 | |
| Halls of the Dead | 3 | |
| Necropolis | 1 | |
| Black Citadel | 2 | |
| Sacrificial Pit | 1 | |
| Slaughterhouse | 1 | |
| Boneyard | 3 | |
| Spirit Tower | 5 | |
35 total
» build order
00:07 Graveyard
00:10 Crypt
00:37 Ziggurat
00:56 Altar of Darkness
01:53 Tomb of Relics
02:01 Ziggurat
02:31 Nerubian Tower
02:31 Nerubian Tower
02:31 Nerubian Tower
03:38 Ziggurat
05:38 Halls of the Dead
05:38 Halls of the Dead
06:31 Necropolis
06:33 Ziggurat
06:34 Ziggurat
06:35 Ziggurat
08:12 Black Citadel
08:40 Sacrificial Pit
08:41 Slaughterhouse
10:44 Boneyard
10:44 Boneyard
10:46 Boneyard
12:12 Ziggurat
12:14 Ziggurat
14:08 Spirit Tower
14:08 Spirit Tower
14:20 Nerubian Tower
14:20 Nerubian Tower
18:03 Spirit Tower
18:03 Spirit Tower
» items
| Rod of Necromancy | 9 | |
| Potion of Lesser Invulnerability | 1 | |
| Scroll of Healing | 3 | |
| Scroll of Protection | 1 | |
| Orb of Corruption | 1 | |
| Scroll of Town Portal | 2 | |
17 total

»
Delroy (
teal | 55 APM | 525 actions | 09:36)
3 Blademaster
2 Wind Walk
1 Critical Strike
» actions
| Assign group hotkey | 6 | |
| Basic commands | 4 | |
| Build / train | 31 | |
| Enter build submenu | 11 | |
| Enter hero's abilities submenu | 3 | |
| Give item / drop item | 1 | |
| Remove unit from queue | 1 | |
| Right click | 314 | |
| Select / deselect | 110 | |
| Select group hotkey | 5 | |
| Use ability | 39 | |
525 total
» units
» upgrades
» buildings
| Altar of Storms | 1 | |
| Orc Burrow | 4 | |
| War Mill | 1 | |
| Voodoo Lounge | 1 | |
| Stronghold | 1 | |
| Beastiary | 2 | |
| Great Hall | 1 | |
11 total
» build order
00:09 Altar of Storms
00:21 Orc Burrow
00:48 War Mill
01:08 Voodoo Lounge
02:24 Stronghold
03:47 Orc Burrow
04:49 Beastiary
04:51 Beastiary
04:52 Orc Burrow
05:31 Orc Burrow
08:32 Great Hall
» items
| Healing Salve | 1 | |
| Lesser Clarity Potion | 2 | |
| Circlet of Nobility | 2 | |
5 total

»
Fearless-Fodder (
yellow | 37 APM | 715 actions | 19:28)
3 Far Seer
2 Feral Spirit
1 Chain Lighting
» actions
| Build / train | 45 | |
| Enter build submenu | 25 | |
| Enter hero's abilities submenu | 3 | |
| Give item / drop item | 4 | |
| Remove unit from queue | 3 | |
| Right click | 317 | |
| Select / deselect | 259 | |
| Use ability | 59 | |
715 total
» units
| Peon | 11 | |
| Grunt | 6 | |
| Tauren | 4 | |
| Shaman | 1 | |
22 total
» upgrades
| Armor | 1 | |
| Melee Weapons | 1 | |
| Spiked Barricades | 1 | |
| Berserker Strength | 1 | |
| Shaman Training | 2 | |
| Pulverize | 1 | |
7 total
» buildings
| Orc Burrow | 7 | |
| Altar of Storms | 1 | |
| War Mill | 1 | |
| Barracks | 2 | |
| Watch Tower | 3 | |
| Stronghold | 2 | |
| Fortress | 1 | |
| Spirit Lodge | 2 | |
| Tauren Totem | 2 | |
| Voodoo Lounge | 1 | |
22 total
» build order
00:10 Orc Burrow
00:14 Altar of Storms
00:22 War Mill
02:31 Barracks
02:47 Orc Burrow
03:09 Barracks
03:46 Watch Tower
03:59 Orc Burrow
05:25 Stronghold
05:26 Stronghold
05:41 Watch Tower
07:05 Orc Burrow
08:11 Fortress
10:10 Spirit Lodge
10:14 Spirit Lodge
10:38 Tauren Totem
10:43 Tauren Totem
11:15 Orc Burrow
11:55 Voodoo Lounge
14:48 Orc Burrow
16:29 Orc Burrow
18:24 Watch Tower
» items
| Circlet of Nobility | 1 | |
| Scroll of Town Portal | 3 | |
| Healing Salve | 1 | |
5 total
Japz (
blue | 77 APM | 1503 actions | 19:31)
3 Warden
2 Shadow Strike
1 Blink
2 Keeper of the Grove
1 Entangling Roots
1 Thorns Aura
» actions
| Assign group hotkey | 56 | |
| Build / train | 77 | |
| Enter build submenu | 19 | |
| Enter hero's abilities submenu | 5 | |
| Remove unit from queue | 1 | |
| Right click | 915 | |
| Select / deselect | 279 | |
| Select group hotkey | 78 | |
| Use ability | 73 | |
1503 total
» units
| Wisp | 25 | |
| Archer | 4 | |
| Huntress | 7 | |
| Dryad | 6 | |
| Wind Rider | 7 | |
| Druid of the Talon | 4 | |
| Druid of the Claw | 2 | |
55 total
» upgrades
| Strength of the Moon | 1 | |
| Druid of the Claw Training | 2 | |
| Abolish Magic | 1 | |
| Mark of the Claw | 1 | |
| Well Spring | 1 | |
| Strength of the Wild | 1 | |
7 total
» buildings
| Moon Well | 6 | |
| Altar of Elders | 1 | |
| Ancient of War | 1 | |
| Hunter's Hall | 1 | |
| Ancient of Wonders | 2 | |
| Tree of Ages | 2 | |
| Ancient of Lore | 2 | |
| Tree of Life | 1 | |
| Ancient of Wind | 1 | |
| Tree of Eternity | 1 | |
| Ancient Protector | 3 | |
| Fortress | 1 | |
22 total
» build order
00:15 Moon Well
00:25 Altar of Elders
01:08 Ancient of War
01:24 Moon Well
02:09 Hunter's Hall
03:18 Ancient of Wonders
03:24 Moon Well
03:48 Tree of Ages
03:48 Tree of Ages
05:06 Moon Well
05:53 Moon Well
07:32 Ancient of Lore
11:35 Tree of Life
11:45 Ancient of Lore
11:47 Ancient of Wind
13:02 Tree of Eternity
13:32 Ancient Protector
13:37 Ancient Protector
14:38 Ancient of Wonders
17:39 Fortress
17:57 Ancient Protector
18:01 Moon Well
» items
| Potion of Healing | 2 | |
| Scroll of Town Portal | 1 | |
3 total
Chat log
(00:16 / All) Delroy: bunch of real niggers in here huh?
(00:21 / All) Ca$hnelo: my nig
(05:53 / Allies) Spyro: wood?
(06:38 / All) Japz: mother fucker
(06:41 / All) Ca$hnelo: bye
(06:44 / All) Japz: i fuck u life
(06:45 / All) Japz: u lose
(09:08 / All) 2020-who-presid: teal ur such a fucking hacker
(09:36 / All) Ca$hnelo: ..
(10:10 / All) ChronicJoke: HACKER! *drop hacks*
(10:26 / Allies) 2020-who-presid: stay fuckign there red
(10:31 / Allies) Ca$hnelo: LOL
(11:12 / Allies) darksideofhemp: move red
(16:13 / All) Ca$hnelo: gg
(17:43 / Allies) 2020-who-presid: u guys need to play better
(17:57 / Allies) Ca$hnelo: ^^ lol
(18:38 / Allies) 2020-who-presid: ur getting raped by one player
(18:44 / Allies) Ca$hnelo: who?
(19:15 / Allies) darksideofhemp: units orane
(19:26 / All) Ca$hnelo: gg.
(19:28 / All) Ca$hnelo: rekt XD